 Dungeon Crawl Stone Soup version 0.29-a0-334-gb41bcbb86e (webtiles) character file.

Game seed: 17229997582882955974

1183 avis the Ruffian (level 8, -2/70 HPs)
             Began as a Hill Orc Monk on Apr 16, 2022.
             Slain by a wraith (10 damage)
             ... on level 5 of the Dungeon.
             The game lasted 00:37:59 (7464 turns).

avis the Ruffian (Hill Orc Monk)                    Turns: 7464, Time: 00:37:59

Health: -2/70      AC:  9    Str: 16    XL:     8   Next: 42%
Magic:  9/9        EV: 12    Int: 18    God:
Gold:   174        SH:  0    Dex: 13    Spells: 4/9 levels left

rFire   . . .      SeeInvis .     - Unarmed
rCold   . . .      Faith    .   (no shield)
rNeg    . . .      Spirit   .   p - +0 leather armour
rPois   .          Reflect  .   w - +2 helmet
rElec   .          Harm     .   (no cloak)
rCorr   .          Rampage  .   y - +2 pair of gloves of the Turtle {Int+2}
Will    .....                   (no boots)
Stlth   ++........              F - amulet of magic regeneration
HPRegen 0.21/turn               q - +6 ring of intelligence
MPRegen 0.51/turn               (no ring)

@: hasted and slowed
A: no striking features
a: no special abilities


You were on level 5 of the Dungeon.
You visited 1 branch of the dungeon, and saw 6 of its levels.

You collected 174 gold pieces.

Inventory:

Hand Weapons
 b - a +4 hunting sling
 d - a +0 dagger
 m - a +0 spear
 s - a +0 trident
 A - a +4 spear
 G - a +0 short sword of venom
 J - a +0 spear
Missiles
 x - 3 poisoned darts
Armour
 e - a +2 chain mail of fire resistance
 l - a +0 chain mail
 p - a +0 leather armour (worn)
 r - a +0 chain mail
 w - a +2 helmet (worn)
 y - the +2 pair of gloves of the Turtle (worn) {Int+2}
   (You found it on level 3 of the Dungeon)

   Int:       It affects your intelligence (+2).
Jewellery
 q - a +6 ring of intelligence (left hand)
 F - an amulet of magic regeneration (around neck)
Wands
 h - a wand of flame (24)
Scrolls
 a - 2 scrolls of fear {unknown}
 c - a scroll of silence {unknown}
 g - 4 scrolls of teleportation
 k - 2 scrolls of vulnerability {unknown}
 B - 2 scrolls of magic mapping {unknown}
 C - 2 scrolls of immolation {unknown}
 D - 2 scrolls of noise {unknown}
 E - 2 scrolls of torment {unknown}
 K - a scroll of holy word {unknown}
Potions
 f - a potion of degeneration
 i - 2 potions of haste
 n - a potion of attraction
 o - 4 potions of mutation
 t - a potion of cancellation {unknown}
 u - a potion of magic {unknown}
 v - a potion of ambrosia
 z - 3 potions of flight
 H - a potion of curing {unknown}
 I - a potion of might {unknown}


   Skills:
 - Level 6.0 Fighting
 - Level 2.4 Dodging
 - Level 1.5 Stealth
 - Level 7.0 Unarmed Combat
 * Level 1.0 Spellcasting
 - Level 5.0 Transmutations


You had 4 spell levels left.
You knew the following spells:

 Your Spells              Type           Power      Damage    Failure   Level
B - Blade Hands           Tmut           9%         N/A       65%         5

Your spell library contained the following spells:

 Spells                   Type           Power      Damage    Failure   Level
 Irradiate                Conj/Tmut      4%         3d14      94%         5
 Dragon Form              Tmut           9%         N/A       100%        7


Dungeon Overview and Level Annotations

Branches:
Dungeon (6/15)
 Temple: D:4-7

Altars:
Elyvilon
Fedhas
Vehumet
Zin

Shops:
D:5 :((*


Message History

You feel as though you will be slow longer.
You hit the wraith but do no damage.
The wraith is heavily damaged.
The wraith hits you but does no damage.
You barely miss the wraith.
The wraith is heavily damaged.
The wraith misses you.
You barely miss the wraith.
The wraith is heavily damaged.
The wraith hits you!
* * * LOW HITPOINT WARNING * * *
The wraith barely misses you.
You feel yourself speed up. The wraith hits you!
* * * LOW HITPOINT WARNING * * *
The wraith drains your vigour!
You feel as though you will be slow longer.
You are confused.
You feel invigorated. The wraith hits you but does no damage.
The wraith misses you. The wraith closely misses you. The wraith hits you!
* * * LOW HITPOINT WARNING * * *
The wraith drains your vigour!
You feel as though you will be slow longer.
The wraith hits you!
* * * LOW HITPOINT WARNING * * *
The wraith hits you!
* * * LOW HITPOINT WARNING * * *
The wraith drains your vigour!
You feel as though you will be slow longer.
You feel less invigorated.
You feel less confused. The wraith barely misses you.
You hit the wraith but do no damage.
The wraith is heavily damaged.
The wraith barely misses you.
You hit the wraith.
The wraith is severely damaged.
The wraith hits you!
You die...

................##.####..#.#.....
.)........#.....##..##...#.#.....
.###......##.....##.#..##........
.....##....#....###..#.#..##....#
..#.#####.....#...........##....#
.##..## #.....).##.........#...##
.###..# ##.##[#).#.#.#........##
##.#.#####.####..#.#......#...#
......#.....###.@W......####..#
......##.....###รท.......# ####
.......#.............####
....#................#
.#####...)###..###..## ##
#...###.....#.## #.........#####
#........## ##.....#..#


You could see a wraith.

Vanquished Creatures
  3 yaks (D:4)
  An ice beast (D:5)
  A centaur (D:6)
  2 phantoms
  A necrophage (D:5)
  A howler monkey (D:5)
  A hound (D:5)
  A jelly (D:5)
  An iguana (D:4)
  3 orc wizards
  Robin (D:2)
  An adder (D:4)
  A shadow imp (D:3)
  An ufetubus (D:4)
  3 worms (D:2)
  A dart slug (D:2)
  23 orcs
  6 bats
  4 endoplasms
  2 giant cockroaches
  16 goblins
  12 hobgoblins
  7 jackals
  8 kobolds
  5 quokkas
  6 ball pythons
  3 frilled lizards
  5 rats
120 creatures vanquished.

Notes
Turn   | Place    | Note
-------+----------+-------------------------------------------
     0 | D:1      | avis the Hill Orc Monk began the quest for the Orb.
     0 | D:1      | Reached XP level 1. HP: 19/19 MP: 1/1
   275 | D:1      | Reached XP level 2. HP: 26/26 MP: 2/2
   299 | D:1      | Reached skill level 4 in Unarmed Combat
  1043 | D:2      | Reached XP level 3. HP: 33/33 MP: 3/3
  2014 | D:2      | Noticed Robin
  2087 | D:2      | Reached XP level 4. HP: 40/40 MP: 4/4
  2090 | D:2      | Reached skill level 5 in Unarmed Combat
  2104 | D:2      | Killed Robin
  2930 | D:2      | Reached XP level 5. HP: 43/47 MP: 5/5
  3006 | D:2      | Found a glowing silver altar of Zin.
  3401 | D:3      | Identified the +2 pair of gloves of the Turtle {Int+2}
  3561 | D:3      | Found a faded altar of an unknown god.
  4436 | D:4      | Found a white marble altar of Elyvilon.
  4475 | D:4      | Found a radiant altar of Vehumet.
  4615 | D:4      | Noticed a phantom
  4638 | D:4      | Killed a phantom
  4639 | D:4      | Reached skill level 5 in Fighting
  4639 | D:4      | Reached skill level 6 in Unarmed Combat
  4639 | D:4      | Reached XP level 6. HP: 35/56 MP: 6/6
  4843 | D:4      | Learned a level 5 spell: Blade Hands
  4888 | D:4      | Found a blossoming altar of Fedhas.
  5350 | D:5      | Entered Level 5 of the Dungeon
  5378 | D:5      | Noticed a yak
  5380 | D:5      | Noticed a yak
  5380 | D:5      | Noticed a yak
  5786 | D:4      | Reached skill level 1 in Spellcasting
  5938 | D:5      | Found Zoahaohu's Weapon Boutique.
  5949 | D:5      | Noticed an ice beast
  5971 | D:5      | Reached skill level 1 in Transmutations
  5983 | D:5      | Found Gouzux's Assorted Antiques.
  6062 | D:5      | Found Daledyosk's Weapon Shop.
  6231 | D:4      | Reached skill level 7 in Unarmed Combat
  6231 | D:4      | Reached XP level 7. HP: 61/61 MP: 8/8
  6252 | D:4      | Killed a yak
  6466 | D:4      | Killed a yak
  6814 | D:4      | Killed a yak
  6815 | D:4      | Reached XP level 8. HP: 35/68 MP: 9/9
  6985 | D:5      | Found Neitu's Book Boutique.
  7324 | D:6      | Noticed a wraith
  7334 | D:5      | Reached skill level 5 in Transmutations
  7442 | D:6      | Noticed a wyvern
  7455 | D:5      | HP: 2/70 [wraith (10)]
  7464 | D:5      | Slain by a wraith

Illustrated notes

Levels and vault maps discovered:
D:1:      shiori_arrival_oz, layout_rooms
D:2:      layout_loops_corners, basic_altar, grunt_decor_fettered,
          minmay_cupped, uniq_robin
D:3:      layout_basic, shapermc_ecumenical_altar_notcrosses,
          kennysheep_generic_room_4
D:4:      layout_loops_cross, mainiacjoe_overflow_catch_the_wave,
          mainiacjoe_overflow_alcove_1
D:5:      layout_cave_pools, serial_shops, nicolae_take_the_stairs,
          nicolae_shop_hallway_plus, shop, nicolae_lakefront_shop
D:6:      layout_loops_ring, uniq_edmund

Skill      XL: |  1  2  3  4  5  6  7  8 |
---------------+-------------------------+-----
Unarmed Combat | 4 5 6 7 |  7.0
Fighting       | 4 5 6 |  6.0
Spellcasting   | 1 |  1.0
Transmutations | 1 4 5 |  5.0
Dodging        | |  2.4
Stealth        | |  1.5

Action                   |  1- 3 |  4- 6 |  7- 9 || total
-------------------------+-------+-------+-------++-------
Melee: Unarmed           |   145 |   214 |   106 ||   465
       Punch             |     3 |     8 |     7 ||    18
 Fire: Hunting sling     |       |   117 |    12 ||   129
Throw: Stone             |    69 |       |       ||    69
       Boomerang         |     2 |       |       ||     2
Evoke: Wand              |       |       |     1 ||     1
  Use: Scroll            |       |     9 |     2 ||    11
       Potion            |       |       |     4 ||     4
 Stab: Sleeping          |     3 |       |     1 ||     4
Armor: Robe              |    10 |       |       ||    10
       Leather armour    |    12 |   105 |    25 ||   142
Dodge: Dodged            |    72 |   140 |    60 ||   272

Table legend: (Time is in decaauts)
 A = Elapsed time spent in this place.
 B = Non-inter-level travel time spent in this place.
 C = Inter-level travel time spent in this place.
 D = Time resting spent in this place.
 E = Time spent auto-exploring this place.
 F = Levels seen in this place.
 G = Mean time per level.
                   A        B        C        D        E       F      G
               +--------+--------+--------+--------+--------+-----+--------+
         Total |   7478 |   7034 |    444 |   2420 |   2665 |   6 | 1246.3 |
       Dungeon |   7478 |   7034 |    444 |   2420 |   2665 |   6 | 1246.3 |
               +--------+--------+--------+--------+--------+-----+--------+

Top non-repeatable levels by time:
     D:4: 1940 daAuts
     D:2: 1918 daAuts
     D:1: 1411 daAuts
     D:3: 1073 daAuts
     D:5: 1059 daAuts
     D:6: 74 daAuts
